 Dungeon Crawl Stone Soup version 0.25.1-1-g288607f5aa (webtiles) character file.

Game seed: 13448325651609048230

522 DerDa the Magician (level 7, -2/46 HPs)
             Began as a Mummy Ice Elementalist on July 26, 2020.
             Was a Follower of Sif Muna.
             Slain by a human zombie (6 damage)
             ... in an ossuary.
             The game lasted 00:10:40 (2752 turns).

DerDa the Magician (Mummy Ice Elementalist)         Turns: 2752, Time: 00:10:41

Health: -2/46      AC:  2    Str: 12    XL:     7   Next: 2%
Magic:  13/16      EV: 12    Int: 22    God:    Sif Muna [*.....]
Gold:   197        SH:  0    Dex: 12    Spells: 8/19 levels left

rFire    x . .     SeeInvis .   o - +0 hand axe (elec)
rCold    + + .     Gourm    .   (no shield)
rNeg     + + +     Faith    .   a - +0 robe
rPois    ∞         Spirit   .   (no helmet)
rElec    .         Reflect  .   (no cloak)
rCorr    .         Harm     .   (no gloves)
MR       .....                  (no boots)
Stlth    ++........             g - amulet of magic regeneration
HPRegen  0.15/turn              i - +6 ring of intelligence
MPRegen  0.40/turn              n - ring of protection from cold

@: frozen ramparts
A: no food or potions, fire vulnerability, cold resistance 1, negative energy
resistance 3, torment resistance, unbreathing
a: Channel Magic, Renounce Religion


You were in an ossuary.
You worshipped Sif Muna.
Sif Muna was aware of your devotion.
You were not hungry.

You visited 1 branch of the dungeon, and saw 4 of its levels.
You also visited: Ossuary.

You collected 197 gold pieces.

Inventory:

Hand Weapons
 f - a +3 vorpal hunting sling
 o - a +0 hand axe of electrocution (weapon)
 r - a +0 short sword of speed
Missiles
 c - 164 stones (quivered)
 h - 60 bolts
 k - 16 sling bullets
 m - 17 poisoned darts
Armour
 a - a +0 robe (worn)
Jewellery
 g - an amulet of magic regeneration (around neck)
 i - a +6 ring of intelligence (left hand)
 n - a ring of protection from cold (right hand)
Scrolls
 b - a scroll of magic mapping
 d - a scroll of teleportation
 e - a scroll of noise {unknown}
 j - a scroll of enchant weapon
 l - 7 scrolls of identify
 p - 2 scrolls of remove curse
 s - a scroll of fear


   Skills:
 - Level 1.5 Dodging
 - Level 1.5 Stealth
 * Level 6.5 Spellcasting
 + Level 1.4 Conjurations
 * Level 5.3 Ice Magic


You had 8 spell levels left.
You knew the following spells:

 Your Spells              Type           Power        Failure   Level  Hunger
a - Freeze                Ice            ####         1%          1    N/A
b - Frozen Ramparts       Ice            ####..       3%          3    N/A
c - Ozocubu's Armour      Chrm/Ice       ###.....     9%          3    N/A
d - Hailstorm             Conj/Ice       ###.....     22%         4    N/A

Your spell library contained the following spells:

 Spells                   Type           Power        Failure   Level  Hunger
 Magic Dart               Conj           ##..         4%          1    N/A
 Searing Ray              Conj           ##....       7%          2    N/A
 Dazzling Flash           Conj/Hex       ##....       19%         3    N/A
 Summon Ice Beast         Ice/Summ       ###.....     28%         4    N/A
 Fulminant Prism          Conj/Hex       ##........   54%         4    N/A
 Iskenderun's Mystic Bla  Conj/Tloc      ##......     54%         4    N/A

Dungeon Overview and Level Annotations

Branches:
Dungeon (4/15)            Ossuary (1/1)
 Temple: D:4-7

Altars:
Dithmenos
Gozag
Okawaru
Sif Muna


Innate Abilities, Weirdness & Mutations

You do not eat or drink.
Your flesh is vulnerable to fire.
You are immune to poison.
Your flesh is cold resistant. (rC+)
You are immune to negative energy. (rN+++)
You are immune to unholy pain and torment.
You can survive without breathing.


Message History

You hit the human zombie but do no damage.
The human zombie is heavily damaged.
The human zombie hits you.
* * * LOW HITPOINT WARNING * * *
Casting: Frozen Ramparts (dangerous; 3% risk of failure)
Confirm with . or Enter, or press ? or * to list all spells.
The walls around you are covered in ice.
The human zombie completely resists.
The wall freezes the human zombie but do no damage.
The human zombie hits you.
* * * LOW HITPOINT WARNING * * *
The human zombie resists.
The wall freezes the human zombie.
The human zombie resists.
The wall freezes the human zombie.
The human zombie completely resists.
The wall freezes the human zombie but do no damage.
You barely miss the human zombie.
The human zombie is heavily damaged.
The human zombie resists.
The wall freezes the human zombie.
The human zombie hits you.
You die...

### ###!###
##!.!.!## #..?.!..#
#.......# #...@...#
##..Z..## ###.###
#'# ###.### ####
##.....## #(..##
#.......# .....#
##...∩...###.....##
+...∩∩∩...'...((..#


You could see a human zombie.

Vanquished Creatures
  An elf zombie (Ossuary)
  A scorpion (D:4)
  A human zombie (Ossuary)
  A hound (D:4)
  An orc wizard (D:3)
  2 iguanas (D:4)
  Natasha (thrice) (D:2)
  3 worker ants
  A mummy (Ossuary)
  5 adders
  3 worms
  2 leopard geckos
  2 orcs (D:3)
  3 bats
  7 giant cockroaches
  9 goblins
  5 hobgoblins
  2 jackals (D:1)
  6 quokkas
  A frilled lizard (D:3)
  6 kobolds
  5 rats (D:1)
70 creatures vanquished.

Notes
Turn   | Place    | Note
-------+----------+-------------------------------------------
     0 | D:1      | DerDa the Mummy Ice Elementalist began the quest for the
                  | Orb.
     0 | D:1      | Reached XP level 1. HP: 13/13 MP: 4/4
   119 | D:1      | Reached skill level 3 in Spellcasting
   184 | D:1      | Reached XP level 2. HP: 18/19 MP: 3/6
   685 | D:2      | Found a shadowy altar of Dithmenos.
   715 | D:2      | Noticed Natasha
   719 | D:2      | Killed Natasha
   719 | D:2      | Reached skill level 4 in Spellcasting
   719 | D:2      | Reached XP level 3. HP: 24/24 MP: 4/8
   724 | D:2      | Learned a level 3 spell: Frozen Ramparts
   728 | D:2      | Learned a level 3 spell: Ozocubu's Armour
   921 | D:2      | Noticed Natasha
   927 | D:2      | Killed Natasha
   927 | D:2      | Reached XP level 4. HP: 26/30 MP: 6/10
   977 | D:2      | Noticed Natasha
   984 | D:2      | Killed Natasha
  1147 | D:2      | Found an iron altar of Okawaru.
  1148 | D:2      | Found a shimmering blue altar of Sif Muna.
  1155 | D:2      | Became a worshipper of Sif Muna the Loreminder
  1574 | D:2      | Reached XP level 5. HP: 35/35 MP: 8/12
  1710 | D:3      | Reached skill level 5 in Spellcasting
  1903 | D:3      | Found an opulent altar of Gozag.
  2091 | D:3      | Reached * piety under Sif Muna
  2111 | D:3      | Learned a level 4 spell: Hailstorm
  2554 | D:4      | Reached XP level 6. HP: 33/41 MP: 11/14
  2604 | D:4      | Reached skill level 5 in Ice Magic
  2622 | D:4      | Reached skill level 6 in Spellcasting
  2622 | D:4      | Reached skill level 1 in Conjurations
  2658 | D:4      | Found a sand-covered staircase.
  2670 | Ossuary  | Entered an ossuary
  2745 | Ossuary  | Reached XP level 7. HP: 15/46 MP: 13/16
  2752 | Ossuary  | Slain by a human zombie

Illustrated notes

Levels and vault maps discovered:
D:1:      ebering_hopf_link, layout_basic
D:2:      kennysheep_six_static_rooms, layout_loops_corners,
          gammafunk_temple_overflow_pools, lemuel_round_altar, first_ration,
          uniq_natasha
D:3:      layout_loops_ring, lemuel_doored_altar
D:4:      layout_loops_ring, chequers_ossuary_entry_cave
Ossuary:  ossuary_minmay_four_chambers

Skill      XL: |  1  2  3  4  5  6 |
---------------+-------------------+-----
Spellcasting   | 3 4 5 6 |  6.5
Ice Magic      | 4 5 |  5.3
Conjurations   | 1 |  1.4
Dodging        | |  1.5
Stealth        | |  1.5

Action                   |  1- 3 |  4- 6 |  7- 9 || total
-------------------------+-------+-------+-------++-------
Melee: Club              |     7 |       |       ||     7
       Hand axe          |       |    12 |     3 ||    15
       Short sword       |       |     3 |       ||     3
 Fire: Hunting sling     |    30 |    84 |       ||   114
Throw: Stone             |     5 |       |       ||     5
 Cast: Freeze            |    22 |    31 |       ||    53
       Frozen Ramparts   |       |    10 |     1 ||    11
  Use: Scroll            |       |     8 |       ||     8
Armor: Robe              |     5 |     3 |       ||     8
Dodge: Dodged            |    18 |    18 |       ||    36
